 Dungeon Crawl Stone Soup version 0.23-a0-558-g30802b1 (console) character file.

112 Duffy the Chopper (level 4, 0/42 HPs)
             Began as a Naga Fighter on Dec 11, 2018.
             Slain by a crimson imp (2 damage)
             ... on level 4 of the Dungeon.
             The game lasted 00:01:01 (844 turns).

Duffy the Chopper (Naga Fighter)                     Turns: 844, Time: 00:01:01

Health: 0/42       AC:  4    Str: 19 (20) XL:     4   Next: 93%
Magic:  4/4        EV:  5    Int:  6 (8)  God:
Gold:   16         SH:  9    Dex:  9 (10) Spells: 3/3 levels left

rFire    + . .     SeeInvis +   a - +0 war axe
rCold    . . .     Gourm    .   c - +0 shield
rNeg     . . .     Faith    .   b - +0 scale mail
rPois    +         Spirit   .   (no helmet)
rElec    .         Reflect  .   (no cloak)
rCorr    .         Harm     .   (no gloves)
MR       .....                  (no barding)
Stlth    ..........             (no amulet)
HPRegen  0.14/turn              g - ring of protection from fire
MPRegen  0.09/turn              (no ring)

@: very slow
A: large, see invisible, deformed body, poison resistance, slowness 2, slow
metabolism 1, spit poison 1, AC +1
a: Spit Poison


You were on level 4 of the Dungeon.
You were not hungry.

You visited 1 branch of the dungeon, and saw 4 of its levels.

You collected 16 gold pieces.

Inventory:

Hand Weapons
 a - a +0 war axe (weapon)
Armour
 b - a +0 scale mail (worn)
 c - a +0 shield (worn)
Jewellery
 g - a ring of protection from fire (left hand)
Scrolls
 h - a scroll of identify {unknown}
 j - a scroll of remove curse {unknown}
 k - a scroll of magic mapping {unknown}
Potions
 d - a potion of might
Comestibles
 f - a ration


   Skills:
 - Level 3.0 Fighting
 + Level 3.7 Axes
 - Level 2.4 Armour
 + Level 3.6 Shields


You had 3 spell levels left.
You didn't know any spells.
Your spell library was empty.

Dungeon Overview and Level Annotations

Branches:
Dungeon (4/15)
 Temple: D:4-7

Altars:


Innate Abilities, Weirdness & Mutations

You cannot wear boots.
Your serpentine skin is tough. (AC +1)
You have supernaturally acute eyesight. (SInv)
Armour fits poorly on your strangely shaped body.
Your system is resistant to poisons. (rPois)
You cover ground very slowly.
You have a slow metabolism.
You can spit poison.


Message History

The worker ant bites you. You block the worker ant's attack.
You hit the worker ant.
The worker ant is heavily wounded.
You have got your breath back.
You block the worker ant's attack. The worker ant bites you.
You closely miss the worker ant.
The worker ant is heavily wounded.
The worker ant bites you but does no damage.
You hit the worker ant.
The worker ant is severely wounded.
You block the worker ant's attack. The worker ant bites you.
You slash the worker ant!
You kill the worker ant!
You feel your dexterity returning.
You hit the crimson imp but do no damage.
You block the crimson imp's attack.
You closely miss the crimson imp. The crimson imp barely misses you.
The crimson imp hits you.
You closely miss the crimson imp. The crimson imp hits you.
You die...

##.##.....#..#.....#
.. #.
#..).#...#.....# .
#. ##......#.#...#.#
#. #.....#.0.#.#..:#
#.
#.................
##.##.##.#..##.....
#...l##....# .....#
####5####..# .....#
#@# #..# .... #.#
..# #.. ... .#.. ##
# #.# ##


You could see a crimson imp and a frilled lizard.

Vanquished Creatures
  A hound (D:4)
  A worker ant (D:4)
  4 adders
  An ooze (D:1)
  2 dart slugs
  A bat (D:1)
  4 hobgoblins
  A kobold (D:2)
  2 frilled lizards
17 creatures vanquished.

Notes
Turn   | Place    | Note
-------+----------+-------------------------------------------
     0 | D:1      | Duffy the Naga Fighter began the quest for the Orb.
     0 | D:1      | Reached XP level 1. HP: 21/21 MP: 1/1
    50 | D:1      | Reached XP level 2. HP: 23/28 MP: 2/2
   506 | D:2      | Reached XP level 3. HP: 31/34 MP: 3/3
   682 | D:4      | Reached XP level 4. HP: 6/42 MP: 4/4
   840 | D:4      | HP: 2/42 [worker ant (2)]
   844 | D:4      | Slain by a crimson imp

Vault maps used:
D:1:      giann_bridges
D:3:      makhleb_altar_promises_db, uniq_crazy_yiuf_cottage
D:4:      lemuel_round_altar, nicolae_ossuary_entry_giza, minmay_splitting_lines

Skill      XL: |  1  2  3 |
---------------+----------+-----
Shields        | 3 |  3.6
Axes           | 3 |  3.7
Fighting       | |  3.0
Armour         | |  2.4

Action                   |  1- 3 |  4- 6 || total
-------------------------+-------+-------++-------
Melee: War axe           |    65 |    18 ||    83
 Abil: Spit Poison       |     1 |     2 ||     3
  Use: Potion            |       |     2 ||     2
Armor: Scale mail        |    23 |    10 ||    33
Dodge: Dodged            |    18 |     7 ||    25
Block: Shield            |    40 |    19 ||    59

Table legend:
 A = Non-vault XP
 B = Vault XP
 C = Vault XP percentage of total XP
 D = Non-vault monster count
 E = Vault monster count
 F = Vault count percentage of total count
                 A         B        C        D         E       F
            +---------+---------+-------+---------+---------+-------
      Total |     160 |       0 |   0.0 |      17 |       0 |   0.0
            +---------+---------+-------+---------+---------+-------
        D:1 |      14 |       0 |   0.0 |       5 |       0 |   0.0
        D:2 |      52 |       0 |   0.0 |       8 |       0 |   0.0
        D:4 |      94 |       0 |   0.0 |       4 |       0 |   0.0
            +---------+---------+-------+---------+---------+-------
